Map: Orbital Shipyard

Players

Taquacman

  • Race: Terran Terran
  • League: Master

Miszu - Winner!

  • Race: Terran Terran
  • League: Master

VOD

Have the link to the VOD?

Description

Time

  • Played on: March 16, 2016, 2:19 p.m.
  • Length: 5:47
Show
View Real Time Build Order
Export as new Build Order

Taquacman Terran 

Build Orders:  

Get SALT Encoding   

  12  0:01  SCV  
  13  0:13  SCV  
  14  0:17  Supply Depot  
  14  0:25  SCV  
  15  0:39  Barracks, SCV  
  16  0:43  Refinery  
  16  0:51  SCV  
  17  0:59  Barracks  
  17  1:04  SCV  
  18  1:16  SCV  
  19  1:27  Reaper  
  19  1:28  Orbital Command  
  19  1:32  Supply Depot  
  20  1:47  Reaper  
  21  1:55  SCV  
  22  2:06  Reaper  
  23  2:11  Command Center  
  23  2:12  SCV  
  24  2:21  Refinery  
  24  2:22  Barracks Reactor  
  24  2:25  SCV  
  25  2:33  Barracks  
  26  2:37  SCV  
  26  2:47  Barracks Tech Lab  
  26  2:49  SCV  
  27  2:58  Marine x2  
  27  3:01  SCV  
  30  3:05  Marine  
  30  3:13  SCV  
  30  3:18  Stimpack  
  29  3:21  Marine  
  29  3:22  Factory, Marine x2  
  29  3:25  SCV  
  33  3:29  Orbital Command  
  33  3:32  Marine  
  34  3:38  SCV  
  35  3:44  Marine x3  
  35  3:48  Supply Depot  
  38  3:51  SCV  
  39  3:56  SCV  
  39  3:58  Marine  
  39  4:02  Marine  
  42  4:03  Marine, SCV  
  42  4:04  Marine  
  42  4:07  Starport  
  45  4:10  Factory Tech Lab  
  45  4:16  Marine  
  46  4:18  SCV x2  
  48  4:25  Marine x2  
  48  4:30  SCV  
  52  4:31  SCV  
  53  4:41  Barracks Reactor  
  53  4:44  Supply Depot  
  52  4:47  Starport Reactor  
  52  4:49  SCV  
  52  4:51  Command Center  
  53  4:53  SCV  
  54  5:04  Marine x2, Siege Tank  
  54  5:06  SCV  
  61  5:07  SCV  
  61  5:08  Marine  
  61  5:11  Engineering Bay  
  62  5:15  Engineering Bay  
  62  5:18  Marine x2  
  64  5:21  Marine x2  
  64  5:25  Marine  
Show
View Real Time Build Order
Export as new Build Order

Miszu Terran - Winner!

Build Orders:  

Get SALT Encoding   

  12  0:00  SCV  
  13  0:13  SCV  
  14  0:17  Supply Depot  
  14  0:25  SCV  
  15  0:39  SCV  
  15  0:41  Barracks  
  16  0:44  Refinery  
  16  0:51  SCV  
  17  1:05  SCV  
  18  1:27  Orbital Command  
  18  1:29  Barracks Reactor  
  18  1:39  Command Center  
  18  1:53  SCV  
  19  1:54  Supply Depot  
  19  2:05  Marine  
  19  2:06  Marine  
  19  2:07  SCV  
  21  2:12  Factory  
  22  2:23  Bunker  
  22  2:25  Marine x2  
  24  2:30  SCV  
  24  2:42  SCV  
  25  2:44  Marine x2  
  27  2:54  SCV  
  27  2:56  Starport  
  27  2:57  Factory Tech Lab  
  28  3:04  Orbital Command  
  27  3:18  Marine x2  
  27  3:19  SCV  
  31  3:30  SCV  
  30  3:35  Refinery, SCV  
  30  3:38  Marine x2  
  33  3:44  Siege Tank  
  33  3:46  SCV  
  37  3:52  Supply Depot  
  37  3:54  SCV  
  38  3:58  SCV  
  39  4:06  SCV  
  39  4:08  Marine x2  
  42  4:11  Medivac, SCV  
  45  4:18  SCV  
  46  4:24  SCV  
  46  4:29  Command Center  
  47  4:32  SCV  
  47  4:36  SCV  
  49  4:44  SCV  
  50  4:49  SCV  
  50  4:51  Barracks  
  53  4:54  Barracks  
  53  4:56  Refinery, SCV  
  53  4:57  Refinery  
  54  5:02  SCV  
  54  5:06  Supply Depot  
  53  5:08  Starport Reactor, SCV  
  54  5:28  Marine x2, SCV x2  
  61  5:29  Supply Depot  
  61  5:30  Supply Depot  
Tags
 
Add a new tag
Caveats
  • Supply blocks, unpowered buildings, or Contaminate may cause inaccurate times.
  • Supply counts are checked every 10 seconds.